 Dungeon Crawl Stone Soup version 0.31-a0-66-ge618eeaa78 (webtiles) character file.

Game seed: 8033898885749146183

34 Zonian the Covered (level 3, -6/33 HPs)
             Began as a Meteoran Fighter on May 23, 2023.
             Killed from afar by Terence (8 damage)
             ... with a bolt of dispelling energy
             ... on level 2 of the Dungeon.
             The game lasted 00:02:40 (662 turns).

Zonian the Covered (Meteoran Fighter)                Turns: 662, Time: 00:02:40

Health: -6/33      AC:  7    Str: 19    XL:     3   Next: 73%
Magic:  13/13      EV:  9    Int:  9    God:
Gold:   87         SH:  5    Dex: 14    Spells: 2/2 levels left

rFire   . . .        a - +0 war axe
rCold   . . .        c - +0 buckler
rNeg    . . .        b - +0 scale mail
rPois   .            (no helmet)
rElec   .            (no cloak)
rCorr   .            (no gloves)
SInv    .            (no boots)
Will    .....        (no amulet) Stlth
                     i - ring of magical power
HPRegen 0.25/turn    (no ring)
MPRegen 0.13/turn

%: no passive effects
@: mighty, glowing
A: sense surroundings 1, otherworldly, glowing, explore regen
a: no special abilities


You were on level 2 of the Dungeon.
You visited 1 branch of the dungeon, and saw 2 of its levels.

You collected 87 gold pieces.

Inventory:

Hand Weapons
 a - a +0 war axe (weapon)
Armour
 b - a +0 scale mail (worn)
 c - a +0 buckler (worn)
Magical Staves
 j - a staff of death
Jewellery
 i - a ring of magical power (left hand)
Scrolls
 e - a scroll of enchant armour {unknown}
 h - a scroll of immolation {unknown}
Potions
 f - a potion of magic {unknown}
 g - a potion of ambrosia {unknown}


   Skills:
 + Level 3.7 Fighting
 + Level 3.0 Axes
 + Level 4.1 Armour
 + Level 4.0 Shields


You had 2 spell levels left.
You didn't know any spells.
Your spell library contained the following spells:

 Spells                   Type           Power      Damage    Failure   Level
 Gell's Gravitas          Tloc           0%         N/A       99%         3
 Teleport Other           Tloc           0%         N/A       99%         3
 Dispersal                Tloc           0%         N/A       100%        6


Dungeon Overview and Level Annotations

Branches:
Dungeon (2/15) Zot: 503

Altars:

Annotations:
D:2 Terence


Innate Abilities, Weirdness & Mutations

You passively map a small area around you.
You are easily found by Zot.
You glow in the dark.
You regain HP and MP as you explore.


Message History

The quokka bites you but does no damage.
You closely miss the quokka.
The quokka is severely wounded.
The quokka bites you but does no damage. x2
Unknown command.
You closely miss the quokka.
The quokka is severely wounded.
The quokka barely misses you.
You hit the quokka.
You kill the quokka!
Unknown command.
You now have 76 gold pieces (gained 13).
Found a stone staircase leading down.
Terence the Incautious comes into view.
He is wielding a +0 morningstar, wearing a +1 scale mail of poison resistance and carrying a wand of quicksilver (8).
Terence moves out of view.
Unknown command.
Terence zaps a wand.
The bolt of dispelling energy hits you.
Found 9 gold pieces.
You see here 11 gold pieces.
You now have 87 gold pieces (gained 11).
Terence says, "Time to say good-bye..."
Terence zaps a wand.
The bolt of dispelling energy misses you.
You hit Terence but do no damage. Terence hits you with a +0 morningstar.
You hit Terence but do no damage. Terence hits you with a +0 morningstar.
Terence screams, "I'm going to kill you!"
Terence closely misses you.
You closely miss Terence. Terence closely misses you.
Unknown command.
You barely miss Terence. Terence hits you but does no damage.
You closely miss Terence. Terence barely misses you.
Terence hits you with a +0 morningstar!
You hit Terence but do no damage.
Terence zaps a wand.
The bolt of dispelling energy hits you!
* * * LOW HITPOINT WARNING * * *
Unknown command.
You feel very mighty all of a sudden.
Terence zaps a wand.
The bolt of dispelling energy hits you!
Your magical effects are unravelling.
You die...

~
~######........<..#.
~ ~ * #..#######.[#.
######...........#. ~
#.............####.
~~
#............#..... ~
##..........#...#...
##.........#...#...#.
#........#...#...#...
#...@..#...#...#...#.
#...@#...#...#...#...
#......#...#...#†.)#.
#....#...#...#...#...
#......#...#...#...#.
#....#...#...#...#...
##.#..$#...#...#...#.
#.#.# ..#...#...#...
#...#...#...#.


You could see Terence.

Vanquished Creatures
  3 endoplasms
  3 giant cockroaches
  5 hobgoblins
  4 kobolds
  2 quokkas
  A ball python (D:1)
  4 bats
  3 frilled lizards
  3 goblins (D:1)
  3 rats (D:1)
31 creatures vanquished.

Notes
Turn   | Place    | Note
-------+----------+-------------------------------------------
     0 | D:1      | Zonian the Meteoran Fighter began the quest for the Orb.
     0 | D:1      | Reached XP level 1. HP: 19/19 MP: 2/2
   109 | D:1      | Reached XP level 2. HP: 26/26 MP: 3/3
   184 | D:1      | Reached XP level 3. HP: 27/31 MP: 4/4
   477 | D:1      | Glimpsed the power of Zot.
   527 | D:1      | Glimpsed the power of Zot.
   651 | D:2      | Noticed Terence
   662 | D:2      | Killed from afar by Terence

Illustrated notes

Levels and vault maps discovered:
D:1:      matt_arrival_grand_opening, layout_basic
D:2:      layout_basic, hex_large, kennysheep_flooded_box, uniq_terence

Skill      XL: |  1  2  3 |
---------------+----------+-----
Armour         | 4 |  4.1
Shields        | 4 |  4.0
Axes           | 3 |  3.0
Fighting       | |  3.7

Action                     || total
---------------------------++-------
  Melee: War axe           ||    88
    Use: Potion            ||     1
 Armour: Scale mail        ||    59
  Dodge: Dodged            ||    38
  Block: Buckler           ||    24

Table legend: (Time is in decaauts)
 A = Elapsed time spent in this place.
 B = Non-inter-level travel time spent in this place.
 C = Inter-level travel time spent in this place.
 D = Time resting spent in this place.
 E = Time spent auto-exploring this place.
 F = Levels seen in this place.
 G = Mean time per level.
                   A        B        C        D        E       F      G
               +--------+--------+--------+--------+--------+-----+--------+
         Total |    695 |    695 |      0 |    122 |    320 |   2 |  347.5 |
       Dungeon |    695 |    695 |      0 |    122 |    320 |   2 |  347.5 |
               +--------+--------+--------+--------+--------+-----+--------+

Top non-repeatable levels by time:
     D:1: 558 daAuts
     D:2: 137 daAuts
